 Dungeon Crawl Stone Soup version 0.23-a0-767-gdc19b93d68 (webtiles) character file.

8943 KapersCrawl the Slicer (level 11, -6/60 HPs)
             Began as a Kobold Enchanter on Jan 20, 2019.
             Was a Believer of Uskayaw.
             Killed from afar by a wizard (8 damage)
             ... with a bolt of cold
             ... on level 10 of the Dungeon.
             The game lasted 01:04:50 (16813 turns).

KapersCrawl the Slicer (Kobold Enchanter)          Turns: 16813, Time: 01:04:53

Health: -6/60      AC:  6    Str:  7    XL:     11   Next: 65%
Magic:  21/23      EV: 24    Int: 18    God:    Uskayaw [**....]
Gold:   347        SH:  0    Dex: 20    Spells: 8/14 levels left

rFire    + . .     SeeInvis .   w - +2 dagger (freeze)
rCold    + . .     Gourm    .   (shield restricted)
rNeg     . . .     Faith    .   G - +0 troll leather armour
rPois    +         Spirit   .   L - +1 hat
rElec    +         Reflect  .   C - +0 cloak
rCorr    +         Harm     .   (no gloves)
MR       +....                  (no boots)
Stlth    ++++......             o - amulet of regeneration
HPRegen  1.00/turn              R - ring "Selog" {rPois MP+9 Dex+4 Stlth-}
MPRegen  0.18/turn              x - ring of protection from magic

@: resistant
A: small, carnivore
a: Stomp, Line Pass, Renounce Religion


You were on level 10 of the Dungeon.
You worshipped Uskayaw.
Uskayaw was noncommittal.
You were very full.

You visited 1 branch of the dungeon, and saw 11 of its levels.

You collected 543 gold pieces.
You spent 196 gold pieces at shops.

Inventory:

Hand Weapons
 e - a +1 dagger of venom
 q - a +3 hunting sling
 w - a +2 dagger of freezing (weapon)
Missiles
 c - 341 stones (quivered)
 j - 58 sling bullets
 s - 2 throwing nets
Armour
 C - a +0 cloak (worn)
 G - a +0 troll leather armour (worn)
 L - a +1 hat (worn)
Jewellery
 o - an amulet of regeneration (around neck)
 r - an uncursed ring of ice
 x - a ring of protection from magic (right hand)
 y - an uncursed ring of fire
 H - an uncursed ring of protection from fire {unknown}
 R - the ring "Selog" (left hand) {rPois MP+9 Dex+4 Stlth-}
   (You found it on level 8 of the Dungeon)

   [ring of attention]

   It affects your dexterity (+4).
   It protects you from poison.
   It affects your magic capacity (+9).
   It makes you less stealthy.
 S - the ring of Butt {rN+ Int+2, unknown}
   (You found it on level 9 of the Dungeon)

   [ring of positive energy]

   It affects your intelligence (+2).
   It protects you from negative energy.
 U - an uncursed ring of stealth {unknown}
Wands
 f - a wand of acid (4)
 t - a wand of paralysis (5)
 u - a wand of flame (27)
 E - a wand of enslavement (7)
 F - a wand of polymorph (12)
 N - a wand of iceblast (7)
 Q - a wand of random effects (21)
Scrolls
 b - 3 scrolls of amnesia {unknown}
 g - 2 scrolls of enchant weapon
 i - a scroll of blinking
 l - 3 scrolls of fear
 z - 2 scrolls of fog {unknown}
 B - a scroll of enchant armour {unknown}
 D - a scroll of summoning {unknown}
 I - 3 scrolls of magic mapping
 J - a scroll of brand weapon {unknown}
 K - a scroll of identify
 O - 2 scrolls of teleportation
 T - a scroll of immolation {unknown}
 V - a scroll of acquirement {unknown}
Potions
 a - a potion of cancellation
 h - a potion of invisibility {unknown}
 k - 3 potions of curing
 m - 2 potions of lignification
 n - a potion of mutation
 p - a potion of resistance
 v - 2 potions of degeneration {unknown}
 M - 2 potions of flight {unknown}
Miscellaneous
 P - a lamp of fire
Comestibles
 d - 24 rations


   Skills:
 + Level 3.1 Fighting
 - Level 11.9 Short Blades
 - Level 2.9 Slings
 - Level 2.0 Armour
 + Level 11.7 Dodging
 - Level 10.0 Stealth
 - Level 2.2 Spellcasting
 - Level 8.0 Hexes
 - Level 0.2 Evocations


You had 8 spell levels left.
You knew the following spells:

 Your Spells              Type           Power        Failure   Level  Hunger
a - Corona                Hex            ####...      1%          1    #......
b - Ensorcelled Hibernat  Hex/Ice        ###...       8%          2    ##.....
c - Tukima's Dance        Hex            ####....     2%          3    ###....

Your spell library contained the following spells:

 Spells                   Type           Power        Failure   Level  Hunger
 Confuse                  Hex            ####....     2%          3    ###....
 Dazzling Spray           Conj/Hex       ###...       16%         3    ###....


Dungeon Overview and Level Annotations

Branches:
Dungeon (11/15)            Temple (0/1) D:4            Lair (0/6) D:8
    Orc (0/2) D:9

Altars:
Dithmenos
Elyvilon
Gozag
Hepliaklqana
Sif Muna
Uskayaw
Vehumet
Yredelemnul

Shops:
D:7 [

Annotations:
D:6 3 runed doors, Menkaure; Wolly's ghost, novice DsSk


Innate Abilities, Weirdness & Mutations

You are small and have problems with some larger weapons.
You are carnivorous and can eat meat at any time.


Message History

The wizard hits you but does no damage.
You hit the wizard. You freeze the wizard.
The wizard is heavily wounded.
The wizard gestures at you while chanting.
The bolt of cold hits you! You resist.
* * * LOW HITPOINT WARNING * * *
You can now pass through a line of other dancers.
You hit the wizard. You freeze the wizard.
The wizard is heavily wounded.
The wizard closely misses you.
You hit the wizard. You freeze the wizard.
The wizard is almost dead.
You feel much better.
The wizard points at you and mumbles some strange words.
The crystal spear hits you!
Ouch! That really hurt!
* * * LOW HITPOINT WARNING * * *
The wizard casts a spell at you. The bolt of cold hits you! You resist.
You die...

###.###
.....#........# #.#
##...^...#.......##
#.#
...^>^..........#
#.###
#...^...#..Y....#
#.#..
.......#.>e.[..#
#.#.# ....:
##.W....# #.#.#
#.{.# #.##.###
#.#.### ##p# #.##.#
#.....# #@## #.##.#
###.#.#
#..####.##.# #.#.#
##....#.##.# ##.#.#
#####.#>.#.# #..#.#
#.....##.#.# #....#
###.######.#.# ##
#####.######.#.#
#.#.# #.
#......<.......#
#.#.# #.
#.###.####.....##
#.#.# #.


You could see a wizard.

Vanquished Creatures
  A centaur warrior (D:8)
  A two-headed ogre (D:8)
  A deep elf mage (D:10)
  Joseph (D:10)
  3 trolls
  A human (D:7)
  A hog (D:7)
  3 yaks (D:7)
  A hungry ghost (D:10)
  A vampire mosquito (D:7)
  2 orc warriors
  3 sky beasts
  3 ice beasts
  9 ogres
  A phantom (D:8)
  4 centaurs
  5 big kobolds
  3 bullfrogs
  3 gnoll sergeants (D:9)
  2 scorpions
  8 killer bees
  4 howler monkeys
  A bullfrog zombie (D:7)
  4 crimson imps
  A centaur zombie (D:7)
  5 hounds
  5 orc priests
  16 orc wizards
  A gnoll shaman (D:7)
  6 jellies
  A bullfrog skeleton (D:6)
  7 worker ants
  Jessica (D:3)
  4 iguanas
  A hound zombie (D:8)
  A hound skeleton (D:7)
  15 gnolls
  A howler monkey skeleton (D:8)
  14 adders
  A shadow imp (D:5)
  An ooze (D:3)
  3 adder skeletons
  4 worms
  3 dart slugs (D:2)
  4 leopard geckos
  37 orcs
  7 giant cockroaches
  7 goblins
  7 hobgoblins
  13 jackals
  6 kobolds
  5 quokkas
  A ball python (D:5)
  8 bats
  5 frilled lizards
  2 jackal zombies
  A quokka skeleton (D:7)
  8 rats
  A plant (D:1)
269 creatures vanquished.

Vanquished Creatures (collateral kills)
  An orc warrior (D:9)
  3 ogres
  A wight (D:8)
  An orc wizard (D:10)
  3 gnolls (D:9)
  A leopard gecko (D:9)
  An orc (D:10)
11 creatures vanquished.

Vanquished Creatures (others)
  2 dancing weapons
2 creatures vanquished.

Grand Total: 282 creatures vanquished

Notes
Turn   | Place    | Note
-------+----------+-------------------------------------------
     0 | D:1      | KapersCrawl the Kobold Enchanter began the quest for the
                  | Orb.
     0 | D:1      | Reached XP level 1. HP: 10/10 MP: 3/3
   118 | D:1      | Reached XP level 2. HP: 2/15 MP: 1/5
   917 | D:1      | Learned a level 2 spell: Ensorcelled Hibernation
  1136 | D:1      | Reached XP level 3. HP: 19/19 MP: 3/6
  2024 | D:2      | Found a basalt altar of Yredelemnul.
  2027 | D:2      | Found a hide-covered altar of Uskayaw.
  2029 | D:2      | Found an opulent altar of Gozag.
  2034 | D:2      | Became a worshipper of Uskayaw the Reveler
  2104 | D:2      | Reached * piety under Uskayaw
  2508 | D:2      | Learned a level 3 spell: Tukima's Dance
  3756 | D:3      | Reached skill level 5 in Stealth
  3756 | D:3      | Reached XP level 4. HP: 24/24 MP: 7/7
  3782 | D:3      | Reached ** piety under Uskayaw
  3788 | D:3      | Reached *** piety under Uskayaw
  3908 | D:3      | Reached XP level 5. HP: 25/28 MP: 8/8
  3945 | D:3      | Noticed Jessica
  3961 | D:3      | Killed Jessica
  5443 | D:3      | Reached XP level 6. HP: 32/32 MP: 4/9
  6323 | D:4      | Found a staircase to the Ecumenical Temple.
  6342 | D:4      | Noticed an ogre
  6371 | D:3      | Killed an ogre
  6371 | D:3      | Reached skill level 1 in Fighting
  6371 | D:3      | Reached skill level 5 in Short Blades
  6607 | D:4      | Reached XP level 7. HP: 38/38 MP: 7/10
  7795 | D:5      | Entered Level 5 of the Dungeon
  7830 | D:4      | Reached skill level 1 in Slings
  7840 | D:4      | Reached XP level 8. HP: 44/44 MP: 1/11
  8130 | D:5      | Reached skill level 5 in Dodging
  9057 | D:6      | Noticed Menkaure
  9274 | D:6      | Found a runed gate.
  9279 | D:6      | Found a runed gate.
  9280 | D:6      | Found a runed gate.
  9419 | D:6      | Found a deep blue altar of Sif Muna.
  9555 | D:6      | Noticed a troll
  9558 | D:6      | Killed a troll
  9558 | D:6      | Reached XP level 9. HP: 48/48 MP: 12/12
 10062 | D:7      | Found Ceul's Antique Armour Shoppe.
 10070 | D:7      | Bought a distressingly furry leather armour for 196 gold
                  | pieces
 10073 | D:7      | Identified the +0 leather armour of Lusm {Dex+3} (You
                  | bought it in a shop on level 7 of the Dungeon)
 10857 | D:6      | Noticed Wolly's ghost (novice DsSk)
 11273 | D:7      | Reached skill level 10 in Dodging
 11286 | D:7      | Reached XP level 10. HP: 47/53 MP: 9/13
 11613 | D:7      | Reached skill level 10 in Short Blades
 12991 | D:8      | Found a large runed door.
 12991 | D:8      | Found a large runed door.
 13005 | D:8      | Noticed a centaur warrior
 13070 | D:8      | Found a large runed door.
 13070 | D:8      | Found a large runed door.
 13099 | D:8      | Reached skill level 1 in Armour
 13234 | D:8      | Found a shadowy altar of Dithmenos.
 13267 | D:8      | Found a radiant altar of Vehumet.
 13400 | D:8      | Noticed a two-headed ogre
 13645 | D:8      | Got a scorched ivory ring
 13653 | D:8      | Identified the ring "Selog" {rPois MP+9 Dex+4 Stlth-} (You
                  | found it on level 8 of the Dungeon)
 13767 | D:8      | Found a staircase to the Lair.
 13911 | D:8      | Found a white marble altar of Elyvilon.
 14290 | D:8      | Killed a two-headed ogre
 14290 | D:8      | Reached skill level 5 in Hexes
 14290 | D:8      | Reached XP level 11. HP: 39/57 MP: 8/14
 14542 | D:8      | Killed a centaur warrior
 14697 | D:9      | Identified the +1 flail of Temperance {antimagic, *Rage MR+
                  | Dex+2}
 14735 | D:9      | Reached skill level 10 in Stealth
 15202 | D:9      | Found a staircase to the Orcish Mines.
 16065 | D:9      | Got an ancient lapis lazuli ring
 16082 | D:10     | Entered Level 10 of the Dungeon
 16082 | D:10     | Noticed Joseph
 16083 | D:10     | Killed Joseph
 16378 | D:10     | Found a hazy altar of Hepliaklqana.
 16468 | D:10     | Noticed a deep elf mage
 16481 | D:10     | Noticed a wizard
 16637 | D:10     | Killed a deep elf mage
 16813 | D:10     | HP: 2/60 [wizard/crystal spear (34)]
 16813 | D:10     | Killed from afar by a wizard

Vault maps used:
D:1:      psy_arrival_heroes, serial_forest, infiniplex_forest_clump_tiny,
          infiniplex_forest_lined_room_, infiniplex_forest_end_2,
          infiniplex_forest_clump_double, infiniplex_forest_lined_4_way,
          infiniplex_forest_lined_room_3
D:2:      grunt_temple_overflow_open, first_ration, serial_bayou_lake_a
D:3:      uniq_jessica
D:4:      minmay_temple_entry_sparse_star
D:6:      kennysheep_orc_sif_temple, gammafunk_ghost_icy, serial_park_tiny_pond,
          uniq_menkaure
D:7:      serial_shops, shop, grunt_livestock, minmay_alternating_orb
D:8:      kennysheep_little_box, vehumet_altar_wand_db,
          lemuel_coloured_pillars_altar, lair_entry_dummy,
          minmay_hollow_rounded_squares
D:9:      kennysheep_orc_monster_closet_entryway
D:10:     basic_altar, bh_hangedman_babel_library, uniq_joseph
D:11:     minmay_tri_box

Skill      XL: |  1  2  3  4  5  6  7  8  9 10 11 |
---------------+----------------------------------+-----
Short Blades   | 2 3 4 5 7 9 11 | 11.9
Stealth        | 5 6 8 9 10 | 10.0
Hexes          | 4 5 8 |  8.0
Dodging        | 3 4 7 10 11 | 11.7
Fighting       | 1 2 3 |  3.1
Slings         | 1 2 |  2.9
Armour         | 2 |  2.0
Spellcasting   | |  2.2
Evocations     | |  0.2

Action                   |  1- 3 |  4- 6 |  7- 9 | 10-12 || total
-------------------------+-------+-------+-------+-------++-------
Melee: Dagger            |   318 |   129 |   374 |   739 ||  1560
 Fire: Hunting sling     |       |       |    16 |    17 ||    33
Throw: Stone             |     2 |       |     1 |     3 ||     6
 Cast: Corona            |     7 |       |     6 |     5 ||    18
       Ensorcelled Hiber |    18 |    39 |    69 |    41 ||   167
       Tukima's Dance    |       |       |       |    24 ||    24
Evoke: Wand              |       |       |       |     1 ||     1
  Use: Scroll            |       |     4 |     2 |     9 ||    15
       Potion            |       |       |       |     3 ||     3
 Stab: Sleeping          |    20 |    19 |    51 |    30 ||   120
       Paralysed         |       |       |     3 |     1 ||     4
       Distracted        |       |       |       |     2 ||     2
  Eat: Chunk             |    17 |    13 |    21 |    26 ||    77
Armor: Robe              |     5 |       |       |       ||     5
       Leather armour    |     1 |    38 |    19 |       ||    58
       Troll leather arm |       |       |    18 |    43 ||    61
Dodge: Dodged            |    80 |   117 |   252 |   356 ||   805

Table legend:
 A = Non-vault XP
 B = Vault XP
 C = Vault XP percentage of total XP
 D = Non-vault monster count
 E = Vault monster count
 F = Vault count percentage of total count
                 A         B        C        D         E       F
            +---------+---------+-------+---------+---------+-------
      Total |    6873 |    5904 |  46.2 |     224 |      55 |  19.7
            +---------+---------+-------+---------+---------+-------
        D:1 |      35 |       0 |   0.0 |      23 |       0 |   0.0
        D:2 |      45 |       0 |   0.0 |      18 |       0 |   0.0
        D:3 |     371 |      37 |   9.1 |      35 |       1 |   2.8
        D:4 |     611 |       0 |   0.0 |      37 |       0 |   0.0
        D:5 |     314 |       0 |   0.0 |      11 |       0 |   0.0
        D:6 |     682 |     327 |  32.4 |      19 |       4 |  17.4
        D:7 |    1216 |    1828 |  60.1 |      27 |      17 |  38.6
        D:8 |    1859 |    1392 |  42.8 |      25 |      11 |  30.6
        D:9 |    1096 |    1310 |  54.4 |      21 |      20 |  48.8
       D:10 |     644 |    1010 |  61.1 |       8 |       2 |  20.0
            +---------+---------+-------+---------+---------+-------
